 Dungeon Crawl Stone Soup version 0.29.1-15-g9cfb28693d (webtiles) character file.

Game seed: 10595510391844264596

326 BeingJoeMalik the Poker (level 6, -1/35 HPs)
             Began as a Tengu Gladiator on Apr 14, 2023.
             Slain by Ijyb
             ... wielding a +4 dagger of venom
              (6 damage)
             ... on level 4 of the Dungeon.
             The game lasted 00:06:43 (3187 turns).

BeingJoeMalik the Poker (Tengu Gladiator)           Turns: 3187, Time: 00:06:44

Health: -1/35      AC:  5    Str: 15    XL:     6   Next: 49%
Magic:  7/7        EV: 15    Int:  8    God:
Gold:   245        SH:  0    Dex: 17    Spells: 5/5 levels left

rFire   . . .      SeeInvis .   a - +1 trident
rCold   . . .      Faith    .   (no shield)
rNeg    . . .      Spirit   .   b - +0 leather armour
rPois   .          Reflect  .   c - +1 hat
rElec   .          Harm     .   (no cloak)
rCorr   .          Rampage  .   f - +0 pair of gloves
Will    .....                   (boots unavailable)
Stlth   +.........              (no amulet)
HPRegen 0.11/turn               (no ring)
MPRegen 0.10/turn               (no ring)

@: confused, lethally poisoned (-1 -> -6), ambrosia-drunk, on berserk cooldown,
flying quickly and evasively, slowed, very slow
A: beak, talons 3, nimble flight
a: no special abilities


You were on level 4 of the Dungeon.
You visited 1 branch of the dungeon, and saw 4 of its levels.

You collected 245 gold pieces.

Inventory:

Hand Weapons
 a - a +1 trident (weapon)
Missiles
 d - 3 throwing nets (quivered)
 e - 7 javelins
 g - 11 poisoned darts
Armour
 b - a +0 leather armour (worn)
 c - a +1 hat (worn)
 f - a +0 pair of gloves (worn)
 m - the +1 robe of Defence {rC+ rN+ Will+ Dex-3}
   (You found it on level 4 of the Dungeon)

   Dex:       It affects your dexterity (-3).
   rC:        It protects you from cold.
   rN:        It protects you from negative energy.
   Will:      It increases your willpower.
 n - the +3 scale mail "Rabit" {rPois Str+2}
   (You found it on level 4 of the Dungeon)

   Str:       It affects your strength (+2).
   rPois:     It protects you from poison.
Jewellery
 j - a +4 ring of evasion
Scrolls
 i - a scroll of amnesia {unknown}
 l - 4 scrolls of identify
 q - a scroll of blinking


   Skills:
 - Level 2.0 Fighting
 + Level 7.8 Polearms
 - Level 2.0 Throwing
 - Level 3.2 Dodging


You had 5 spell levels left.
You didn't know any spells.
Your spell library contained the following spells:

 Spells                   Type           Power      Damage    Failure   Level
 Ignite Poison            Fire/Tmut/Pois 0%         N/A       85%         3
 Mephitic Cloud           Conj/Pois/Air  0%         N/A       85%         3
 Summon Guardian Golem    Hex/Summ       0%         N/A       85%         3
 Freezing Cloud           Conj/Ice/Air   0%         6-21      100%        5
 Orb of Destruction       Conj           0%         9d5       100%        7
 Spellforged Servitor     Conj/Summ      0%         N/A       100%        7


Dungeon Overview and Level Annotations

Branches:
Dungeon (4/15)
 Temple: D:4-7

Altars:

Shops:
D:4 (

Annotations:
D:3 1 runed translucent door, Crazy Yiuf
D:4 Ijyb


Innate Abilities, Weirdness & Mutations

You have a beak for a mouth.
You have claws for feet.
Your magical nature lets you fly swiftly and evasively.


Message History

Ijyb is severely wounded.
You feel very sick.
Ijyb hits you with a +4 dagger of venom!
* * * LOW HITPOINT WARNING * * *
You are more poisoned.
You feel better.
Ijyb zaps a wand.
Your will is overpowered!
You are confused.
Non-targeted confused throw: 3 throwing nets
Press: ? - help, Q - select action, (/) - cycle Dir - look around, f - activate
Okay, then.
Unknown command.
It was a potion of magic.
Magic courses through your body.
Ijyb hits you with a +4 dagger of venom!
* * * LOW HITPOINT WARNING * * *
You are lethally poisoned!
A red film seems to cover your vision as you go berserk!
You feel yourself moving faster!
You feel mighty!
* * * LOW HITPOINT WARNING * * *
You feel very sick. Ijyb barely misses you.
You are too berserk!
You feel a strong urge to attack something.
* * * LOW HITPOINT WARNING * * *
You feel sick.
* * * LOW HITPOINT WARNING * * *
You feel sick.
You feel your anger nearly subside.
* * * LOW HITPOINT WARNING * * *
You feel sick.
You are no longer berserk.
You are exhausted.
You feel yourself slow down.
* * * LOW HITPOINT WARNING * * *
You feel sick.
You are more confused.
You feel invigorated.
* * * LOW HITPOINT WARNING * * *
You feel sick. Ijyb completely misses you.
Ijyb hits you with a +4 dagger of venom.
You die...

,,,,,,,,*,,*,**,**,*#...#*** #.
,***,,,,>,,*,,,,,,,*#...# #. ,*
*,****,.*,**,****#...# #. ,*
*,,,,...#.**,* #...# #.
******,,,...r,,,* #...# #.
,,,,,*,**#.#.*#######...########.
,,,,,*,* #.#.##............[..##.
,,,,,,,* #.......................
,,,,,***###...#g@.............###
,,,,,* #.......#####...####### #
****** #.......# ##.....## #
#.).....# #.#...#.# # ###...###
##.....## # * #...# ##...## # *
##.## #...##### # *****#######.#
##......# ,,**,........######
#..###.#


You could see Ijyb.

Vanquished Creatures
  A phantom (D:4)
  A hound (D:3)
  Natasha (thrice) (D:3)
  4 gnolls
  4 adders
  A worm (D:2)
  4 orcs (D:3)
  5 ball pythons
  3 endoplasms
  4 goblins
  12 hobgoblins
  6 jackals
  2 quokkas
  8 bats
  2 frilled lizards
  10 kobolds
  6 rats
76 creatures vanquished.

Vanquished Creatures (others)
  A demonic plant (D:2)
1 creature vanquished.

Grand Total: 77 creatures vanquished

Notes
Turn   | Place    | Note
-------+----------+-------------------------------------------
     0 | D:1      | BeingJoeMalik the Tengu Gladiator began the quest for the
                  | Orb.
     0 | D:1      | Reached XP level 1. HP: 12/12 MP: 2/2
   169 | D:1      | Reached XP level 2. HP: 17/17 MP: 3/3
   317 | D:1      | Reached skill level 4 in Polearms
  1024 | D:2      | Reached XP level 3. HP: 21/21 MP: 4/4
  1354 | D:2      | Reached skill level 5 in Polearms
  1356 | D:2      | Reached XP level 4. HP: 16/26 MP: 5/5
  1609 | D:2      | Found a faded altar of an unknown god.
  1609 | D:2      | Noticed a hellwing
  2022 | D:3      | Reached skill level 6 in Polearms
  2069 | D:3      | Gained mutation: Your magical nature lets you fly swiftly
                  | and evasively. [Tengu growth]
  2069 | D:3      | Reached XP level 5. HP: 30/30 MP: 6/6
  2145 | D:3      | Found a runed translucent door.
  2146 | D:3      | Noticed Crazy Yiuf
  2242 | D:3      | Noticed Natasha
  2260 | D:3      | Killed Natasha
  2315 | D:3      | Noticed Natasha
  2319 | D:3      | Killed Natasha
  2375 | D:3      | Reached skill level 7 in Polearms
  2409 | D:3      | Noticed Natasha
  2420 | D:3      | Killed Natasha
  2421 | D:3      | Reached XP level 6. HP: 20/35 MP: 7/7
  2943 | D:4      | Found Cekeguum's Weapon Emporium.
  3135 | D:4      | Identified the +1 robe of Defence {rC+ rN+ Will+ Dex-3}
  3139 | D:4      | Identified the +3 scale mail "Rabit" {rPois Str+2}
  3169 | D:4      | Noticed Ijyb
  3187 | D:4      | Slain by Ijyb

Illustrated notes

Levels and vault maps discovered:
D:1:      dpeg_arrival_chambers_temple_mockup, layout_loops_ring
D:2:      layout_basic, dreamdust_ecumenical_altar_sealed_demon
D:3:      minmay_chambers_of_twos, layout_rooms, grunt_decor_one_mirror,
          uniq_natasha, uniq_crazy_yiuf_cottage
D:4:      layout_loops_cross, serial_shops, shop_coins, uniq_ijyb

Skill      XL: |  1  2  3  4  5 |
---------------+----------------+-----
Polearms       | 4 5 6 7 |  7.8
Fighting       | |  2.0
Throwing       | |  2.0
Dodging        | |  3.2

Action                   |  1- 3 |  4- 6 || total
-------------------------+-------+-------++-------
Melee: Trident           |    70 |   124 ||   194
       Kick              |    13 |    34 ||    47
       Peck              |     3 |    15 ||    18
       Punch             |       |     1 ||     1
  Use: Potion            |     2 |     5 ||     7
       Scroll            |       |     9 ||     9
 Stab: Sleeping          |     4 |     3 ||     7
       Invisible         |     2 |       ||     2
Armor: Leather armour    |     9 |     8 ||    17
Dodge: Dodged            |    31 |    56 ||    87
